 Dungeon Crawl Stone Soup version 0.29-a0-982-gaed3a0c8d8 (webtiles) character file.

Game seed: 1463728778850714519

5082 MisterAzrael the Fighter (level 10, 0/93 HPs)
             Began as a Hill Orc Fighter on Aug 1, 2022.
             Was a Believer of Nemelex Xobeh.
             Slain by a wyvern (3 damage)
             ... on level 8 of the Dungeon.
             The game lasted 00:10:04 (6166 turns).

MisterAzrael the Fighter (Hill Orc Fighter)         Turns: 6166, Time: 00:10:05

Health: 0/93       AC: 14    Str: 24    XL:     10   Next: 57%
Magic:  17/17      EV:  6    Int:  8    God:    Nemelex Xobeh [**....]
Gold:   355        SH:  4    Dex: 10    Spells: 9/9 levels left

rFire   . . .      SeeInvis .   H - +1 morningstar (distort)
rCold   . . .      Faith    .   c - +0 buckler
rNeg    . . .      Spirit   .   K - +0 plate armour
rPois   .          Reflect  .   E - +0 helmet
rElec   .          Harm     .   (no cloak)
rCorr   .          Rampage  .   (no gloves)
Will    .....                   s - +1 pair of boots "Qak Fih" {Stlth+}
Stlth   ..........              j - amulet of the acrobat
HPRegen 0.25/turn               (no ring)
MPRegen 0.15/turn               (no ring)

@: no status effects
A: no striking features
a: Renounce Religion, Draw Escape, Draw Destruction, Draw Summoning


You were on level 8 of the Dungeon.
You worshipped Nemelex Xobeh.
Nemelex Xobeh was pleased with you.
You visited 1 branch of the dungeon, and saw 8 of its levels.

You collected 355 gold pieces.

Inventory:

Hand Weapons
 a - a +0 war axe
 H - a +1 morningstar of distortion (weapon)
Missiles
 L - 2 boomerangs (quivered)
Armour
 b - a +0 scale mail
 c - a +0 buckler (worn)
 s - the +1 pair of boots "Qak Fih" (worn) {Stlth+}
   (You found it on level 2 of the Dungeon)

   Stlth:     It makes you more stealthy.
 E - a +0 helmet (worn)
 I - +0 steam dragon scales
 K - a +0 plate armour (worn)
Jewellery
 j - an amulet of the acrobat (around neck)
 v - the amulet "Sofisch" {Spirit rElec Dex+5 SInv}
   (You found it on level 3 of the Dungeon)

   [amulet of guardian spirit]

   It causes incoming damage to be divided between your reserves of health and
   magic.
   Dex:       It affects your dexterity (+5).
   rElec:     It insulates you from electricity.
   SInv:      It lets you see invisible.
 C - a ring of willpower
Wands
 z - a wand of flame (42)
 M - a wand of iceblast (5)
Scrolls
 e - 3 scrolls of fear {unknown}
 g - 2 scrolls of amnesia {unknown}
 i - a scroll of immolation {unknown}
 m - 3 scrolls of vulnerability {unknown}
 p - 2 scrolls of enchant weapon {unknown}
 q - 6 scrolls of identify {unknown}
 t - 2 scrolls of poison {unknown}
 y - a scroll of butterflies {unknown}
 A - 3 scrolls of teleportation {unknown}
 B - a scroll of silence {unknown}
 F - a scroll of torment {unknown}
 J - a scroll of magic mapping {unknown}
Potions
 d - 4 potions of might
 f - 3 potions of brilliance {unknown}
 h - a potion of berserk rage {unknown}
 k - 3 potions of lignification {unknown}
 l - 3 potions of attraction {unknown}
 n - 5 potions of curing
 o - 5 potions of heal wounds {unknown}
 r - 3 potions of degeneration {unknown}
 u - a potion of magic {unknown}
 w - a potion of ambrosia {unknown}
 x - 2 potions of mutation {unknown}
 D - a potion of cancellation {unknown}
 G - a potion of invisibility {unknown}


   Skills:
 + Level 10.3 Fighting
 - Level 10.0(11.1) Axes
 + Level 6.5(8.5) Maces & Flails
 + Level 3.6 Throwing
 - Level 3.2 Armour
 - Level 3.2 Shields
 + Level 10.1 Invocations


You had 9 spell levels left.
You didn't know any spells.
Your spell library contained the following spells:

 Spells                   Type           Power      Damage    Failure   Level
 Magic Dart               Conj           0%         1d3       100%        1
 Call Imp                 Summ           0%         N/A       100%        2
 Sublimation of Blood     Necr           0%         N/A       100%        2
 Frozen Ramparts          Ice            0%         1d8       100%        3
 Mephitic Cloud           Conj/Pois/Air  0%         N/A       100%        3
 Ice Form                 Ice/Tmut       0%         N/A       100%        4
 Petrify                  Tmut/Erth      0%         N/A       100%        4
 Summon Ice Beast         Ice/Summ       0%         N/A       100%        4
 Irradiate                Conj/Tmut      0%         3d11      100%        5


Dungeon Overview and Level Annotations

Branches:
Dungeon (8/15)             Temple (0/1) D:6
   Lair: D:8-11

Altars:
Elyvilon
Nemelex Xobeh
Okawaru
Qazlal
Ru
Sif Muna
Vehumet

Shops:
D:4 *   D:6 *


Message History

The electrical discharge engulfs the wight!
You destroy the wight!
You hear a mighty peal of thunder!
The deck of cards disappears without a trace.
You hear an angry buzzing noise.
Your life force feels restored.
The howler monkey hoots and howls with incredible vigour!
The wyvern misses you. The wyvern attacks as you move away!
The wyvern closely misses you. x2
Things that are here:
a +0 dagger; 4 stones; a kobold corpse The wyvern misses you.
The centaur unwields a +0 shortbow.
The centaur hits you but does no damage.
You block the centaur's attack.
Things that are here:
a +0 whip; 4 poisoned darts The howler monkey hoots and howls with incredible vigour!
The wyvern completely misses you. The centaur misses you. x2
The centaur wields a +0 shortbow.
The centaur shoots an arrow.
You block the arrow.
The centaur shoots an arrow.
You block the arrow.
The centaur shoots an arrow.
The arrow hits you.
* * * LOW HITPOINT WARNING * * *
The centaur shoots an arrow.
The arrow misses you.
You hear a shout!
Found a stone staircase leading down.
The centaur shoots an arrow.
The arrow misses you.
The howler monkey hoots and howls with incredible vigour!
The centaur shoots an arrow.
The arrow misses you.
The centaur shoots an arrow.
The arrow hits you.
* * * LOW HITPOINT WARNING * * *
The centaur shoots an arrow.
The arrow hits you!
* * * LOW HITPOINT WARNING * * *
The centaur shoots an arrow.
You block the arrow.
The howler monkey hoots and howls with incredible vigour!
You hear a shout!
You open the door. The wyvern bites you.
You die...
Your body glows slightly and disappears.

.#. .. #######.###
...>..... #.....#
#.....# ####.....#
#....@l..#
#...#'#c.#
#(..#.#..#
#...#.#..# .'
....#.c######### ..
..##h.........#
.#####z ##.#######.#
.......###o#)....#.#
..#.#...##.#.###.#.#


You could see a wyvern, a centaur and a wight.

Vanquished Creatures
  A black mamba (D:8)
  An unseen horror (D:8)
  A rime drake (D:8)
  A troll (D:8)
  A meliai (D:8)
  2 yaks (D:7)
  2 ice beasts
  A sky beast (D:7)
  2 boggarts (D:8)
  A phantom (D:5)
  3 bullfrogs
  2 scorpions
  A wight (D:8)
  6 killer bees (D:8)
  A howler monkey (D:8)
  A jelly (D:7)
  5 hounds
  3 iguanas
  2 orc wizards
  3 gnolls (D:6)
  6 adders
  A shadow imp (D:8)
  2 white imps (D:7)
  An ufetubus (D:5)
  2 dart slugs
  22 orcs
  7 endoplasms
  A giant cockroach (D:3)
  6 goblins
  7 hobgoblins
  3 jackals (D:2)
  6 kobolds
  5 quokkas
  4 ball pythons
  9 bats
  4 frilled lizards
  5 rats
131 creatures vanquished.

Vanquished Creatures (collateral kills)
  Erica (D:8)
  Maggie (D:7)
  Prince Ribbit (D:8)
  A wraith (D:6)
  A yak (D:7)
  A water moccasin (D:7)
  A black bear (D:4)
  A kobold brigand (D:8)
  A quokka (D:4)
  4 kobolds (D:8)
13 creatures vanquished.

Vanquished Creatures (others)
  2 fungi (D:8)
  A plant (D:8)
3 creatures vanquished.

Grand Total: 147 creatures vanquished

Notes
Turn   | Place    | Note
-------+----------+-------------------------------------------
     0 | D:1      | MisterAzrael the Hill Orc Fighter began the quest for the
                  | Orb.
     0 | D:1      | Reached XP level 1. HP: 19/19 MP: 1/1
   156 | D:1      | Reached XP level 2. HP: 23/27 MP: 2/2
   726 | D:1      | Reached XP level 3. HP: 33/33 MP: 3/3
   861 | D:1      | Found a faded altar of an unknown god.
   861 | D:1      | Noticed a smoke demon
   871 | D:1      | Prayed at the altar of an unknown god.
   871 | D:1      | Became a worshipper of Nemelex Xobeh the Trickster
   871 | D:1      | Reached * piety under Nemelex Xobeh
  1193 | D:2      | Received a gift from Nemelex Xobeh
  1233 | D:2      | Identified the +1 pair of boots "Qak Fih" {Stlth+}
  1483 | D:3      | Found a stormy altar of Qazlal.
  1694 | D:3      | Reached skill level 1 in Invocations
  1727 | D:3      | Found a white marble altar of Elyvilon.
  1736 | D:3      | Reached XP level 4. HP: 37/41 MP: 4/4
  1808 | D:3      | Identified the amulet "Sofisch" {Spirit rElec Dex+5 SInv}
  1886 | D:3      | Received a gift from Nemelex Xobeh
  2078 | D:3      | Reached ** piety under Nemelex Xobeh
  2296 | D:4      | Reached skill level 5 in Axes
  2498 | D:4      | Reached XP level 5. HP: 47/47 MP: 6/6
  2614 | D:4      | Found Hown's General Store.
  2620 | D:4      | Noticed a black bear
  2637 | D:4      | Killed a black bear
  2895 | D:5      | Entered Level 5 of the Dungeon
  2997 | D:5      | Noticed a phantom
  3004 | D:5      | Killed a phantom
  3005 | D:5      | Reached skill level 5 in Fighting
  3005 | D:5      | Reached XP level 6. HP: 46/56 MP: 8/8
  3370 | D:5      | Reached XP level 7. HP: 61/61 MP: 9/9
  3920 | D:6      | Received a gift from Nemelex Xobeh
  3958 | D:6      | Noticed a wraith
  3986 | D:6      | Killed a wraith
  4200 | D:6      | Found a staircase to the Ecumenical Temple.
  4204 | D:6      | Found Zurr's Neck Hole.
  4213 | D:6      | Reached skill level 5 in Invocations
  4278 | D:6      | Reached XP level 8. HP: 57/71 MP: 11/11
  4371 | D:6      | Found a sacrificial altar of Ru.
  4433 | D:6      | Reached *** piety under Nemelex Xobeh
  4776 | D:7      | Noticed Maggie
  4783 | D:7      | Killed Maggie
  4787 | D:7      | Reached skill level 10 in Axes
  5059 | D:7      | Reached skill level 1 in Maces & Flails
  5226 | D:7      | Received a gift from Nemelex Xobeh
  5266 | D:7      | Reached XP level 9. HP: 79/81 MP: 14/14
  5348 | D:7      | Found a shimmering blue altar of Sif Muna.
  5349 | D:7      | Found an iron altar of Okawaru.
  6031 | D:8      | Found a radiant altar of Vehumet.
  6032 | D:8      | Noticed Prince Ribbit
  6042 | D:8      | Killed Prince Ribbit
  6045 | D:8      | Reached skill level 1 in Throwing
  6067 | D:8      | Noticed Erica
  6074 | D:8      | Killed Erica
  6075 | D:8      | Reached skill level 5 in Maces & Flails
  6075 | D:8      | Reached XP level 10. HP: 82/91 MP: 16/16
  6122 | D:8      | Noticed a black mamba
  6122 | D:8      | a yak changed into a black mamba
  6125 | D:8      | Killed an unseen horror
  6125 | D:8      | Killed a black mamba
  6126 | D:8      | Reached skill level 10 in Fighting
  6126 | D:8      | Reached skill level 10 in Invocations
  6163 | D:8      | HP: 3/93 [centaur/arrow (7)]
  6166 | D:8      | Slain by a wyvern

Illustrated notes

Levels and vault maps discovered:
D:1:      scummos_arrival_simple_crosswalls, layout_basic,
          dreamdust_ecumenical_altar_sealed_demon, hex_intersection,
          minmay_misc_feat_square
D:2:      layout_basic
D:3:      layout_basic, mainiacjoe_overflow_24_doors, mainiacjoe_overflow_paths
D:4:      layout_loops_ring, serial_shops, kennysheep_mini
D:5:      layout_cave_pools, serial_column_ruins, column_ruins_circle_medium,
          column_ruins_open_tiny, column_ruins_open_small,
          column_ruins_corridor_corner
D:6:      layout_loops_ring, nicolae_ru_great_annihilating_truth,
          temple_statues, nicolae_shop_sticking_my_neck_out
D:7:      layout_rooms, mainiacjoe_overflow_divided_tiny,
          kennysheep_cross_bottleneck, uniq_maggie
D:8:      layout_basic, nicolae_vehumet_radiance, david_lair_generic,
          serial_shops, shop, grunt_potential, uniq_prince_ribbit1, uniq_erica,
          uniq_gastronok

Skill      XL: |  1  2  3  4  5  6  7  8  9 10 |
---------------+-------------------------------+-----
Axes           | 3 4 5 6 7 8 10 | 10.0
Fighting       | 4 5 6 7 9 10 | 10.3
Invocations    | 1 2 3 5 7 9 10 | 10.1
Maces & Flails | 2 5 6 |  6.5
Throwing       | 2 3 |  3.6
Armour         | |  3.2
Shields        | |  3.2

Action                   |  1- 3 |  4- 6 |  7- 9 | 10-12 || total
-------------------------+-------+-------+-------+-------++-------
Melee: War axe           |   114 |    68 |    84 |       ||   266
       Morningstar       |       |       |    88 |     5 ||    93
Throw: Boomerang         |       |       |     2 |       ||     2
Invok: Draw Destruction  |       |     1 |     4 |     4 ||     9
       Draw Summoning    |       |     1 |     6 |       ||     7
       Draw Escape       |       |       |     5 |     3 ||     8
       Triple Draw       |       |       |       |     2 ||     2
  Use: Potion            |       |       |     1 |       ||     1
 Stab: Paralysed         |       |       |     1 |       ||     1
Armor: Scale mail        |    52 |    34 |    74 |       ||   160
       Plate armour      |       |       |    30 |     5 ||    35
Dodge: Dodged            |    90 |    46 |   111 |    24 ||   271
Block: Buckler           |    34 |    11 |    38 |    11 ||    94

Table legend: (Time is in decaauts)
 A = Elapsed time spent in this place.
 B = Non-inter-level travel time spent in this place.
 C = Inter-level travel time spent in this place.
 D = Time resting spent in this place.
 E = Time spent auto-exploring this place.
 F = Levels seen in this place.
 G = Mean time per level.
                   A        B        C        D        E       F      G
               +--------+--------+--------+--------+--------+-----+--------+
         Total |   6257 |   6055 |    202 |    799 |   4198 |   8 |  782.1 |
       Dungeon |   6257 |   6055 |    202 |    799 |   4198 |   8 |  782.1 |
               +--------+--------+--------+--------+--------+-----+--------+

Top non-repeatable levels by time:
     D:6: 1249 daAuts
     D:7: 983 daAuts
     D:1: 911 daAuts
     D:4: 745 daAuts
     D:3: 725 daAuts
     D:5: 654 daAuts
     D:2: 557 daAuts
     D:8: 429 daAuts
